 Dungeon Crawl Stone Soup version 0.14-b1-45-gfd36cc2 (webtiles) character file.

4371 Heini the Basher (level 10, -9/90 HPs)
             Began as a Minotaur Berserker on Apr 8, 2014.
             Was a High Priest of Trog.
             Mangled by a large abomination (23 damage)
             ... on Level 1 of the Abyss.
             The game lasted 00:48:48 (7554 turns).

Heini the Basher (Minotaur Berserker)               Turns: 7554, Time: 00:48:48

HP  -9/90        AC 15     Str 24      XL: 10   Next:  1%
MP   4/4         EV  7     Int  4      God: Trog [*****.]
Gold 453         SH  0     Dex  9 (11) Spells:  0 memorised,  9 levels left

rFire  . . .     SeeInvis +     a - +0,+1 mace (curse)
rCold  . . .     Clarity  .     j - +0 plate armour
rNeg   . . .     Conserve +     (no shield)
rPois  .         rCorr    +     (helmet restricted)
rElec  .         rRot     .     c - +2 cloak {rCorr, Cons}
SustAb . .       Spirit   .     L - +0 pair of gloves
rMut   .         Warding  .     y - +0 pair of boots
Gourm  +         Stasis   .     D - amulet of the gourmand
MR     .....                    K - ring of see invisible
                                h - ring of flight

@: exhausted, slowed, very slow, not resistant to hostile enchantments,
extremely unstealthy
A: retaliatory headbutt, fangs 1, horns 2, carnivore 1, deformed body, spit
poison 1, evolution 1
a: Spit Poison, Burn Spellbooks, Berserk, Trog's Hand, Brothers in Arms,
Renounce Religion, Evoke Flight


You were on level 1 of the Abyss.
You worshipped Trog.
Trog was extremely pleased with you.
You were very full.

You visited 2 branches of the dungeon, and saw 10 of its levels.
You visited the Abyss 1 time.
You also visited: Sewer.

You collected 453 gold pieces.

Inventory:

Hand weapons
 a - a cursed +0,+1 mace (weapon)
 B - a +5,+1 dire flail of holy wrath
Missiles
 H - 21 stones (quivered)
Armour
 c - a +2 cloak of preservation (worn)
 j - a +0 plate armour (worn)
 y - a +0 pair of boots (worn)
 A - a cursed +0 ring mail
 L - a +0 pair of gloves (worn)
Magical devices
 i - a wand of random effects (8)
 l - a wand of digging (8)
 q - a wand of enslavement (8) {unknown}
 r - a wand of digging (20)
 G - a wand of flame (6) {unknown}
Comestibles
 g - 11 sultanas
 n - 5 bread rations
 t - 3 meat rations
 M - 12 grapes
Scrolls
 d - a scroll of fog
 e - 4 scrolls of identify
 f - 3 scrolls of recharging
 o - 2 scrolls of enchant weapon II
 p - a scroll of fear
 u - 3 scrolls of enchant weapon I
 x - a scroll of enchant armour
Jewellery
 h - a ring of flight (left hand)
 w - an uncursed amulet of clarity
 D - an amulet of the gourmand (around neck)
 F - a +3 ring of intelligence
 K - a ring of see invisible (right hand)
Potions
 b - a potion of poison
 k - 2 potions of restore abilities
 m - 6 potions of curing
 s - 2 potions of invisibility
 v - 2 potions of lignification
 z - a potion of paralysis
 C - 3 potions of heal wounds
 E - a potion of beneficial mutation {unknown}
 I - 2 potions of agility
 J - a potion of haste {unknown}


   Skills:
 * Level 8.8 Fighting
 * Level 11.8 Maces & Flails
 * Level 9.3 Armour
 - Level 4.6 Dodging
 - Level 0.1 Stealth


You had 9 spell levels left.
You didn't know any spells.

Dungeon Overview and Level Annotations

Branches:
Dungeon (9/15)             Temple (1/1) D:6
    Orc: D:9-12        Lair: D:8-11

Altars:
Ashenzari
Cheibriados
Dithmenos
Elyvilon
Fedhas
Makhleb
Okawaru
Trog
Vehumet
Yredelemnul
Zin
The Shining One

Shops:
D:8 (

Annotations:
D:9 exclusions: ice statue and orange crystal statue, Erolcha


Innate Abilities, Weirdness & Mutations

You reflexively headbutt those who attack you in melee.
You have a pair of horns on your head.
You have very sharp teeth.
Your digestive system is specialised to digest meat.
Armour fits poorly on your strangely shaped body.
You can spit poison.
You evolve.


Message History

The large abomination hits you! The large abomination hits you.
The large abomination hits you.
You sock the large abomination! You headbutt the large abomination!
The large abomination is moderately damaged.
The large abomination hits you.
You sock the large abomination!
The large abomination is heavily damaged.
The large abomination hits you! The large abomination hits you.
You sock the large abomination! You headbutt the large abomination.
The large abomination is severely damaged.
The large abomination hits you!
* * * LOW HITPOINT WARNING * * *
You hit the large abomination.
The large abomination is severely damaged.
The large abomination hits you but does no damage.
You hit the large abomination.
The large abomination is almost destroyed.
The large abomination hits you!
You die...

# . . . #...# #
#.. #....###.
###.... .
#..#.#####.......#
..##........@.#
...........X##
.#.........#
#.........# .
#............# #.
......## ##
#..........# #
.........#
#..#...#.#..


You could see a large abomination.

Vanquished Creatures
  Pikel (D:6)
  Joseph (D:7)
  A hydra skeleton (D:8)
  Eustachio (D:5)
  A hippogriff (D:8)
  A yak (D:8)
  Edmund (D:6)
  Menkaure (D:4)
  3 sky beasts
  2 ice beasts
  2 orc warriors
  A phantom (D:6)
  Sigmund (D:2)
  A giant slug (Sewer)
  A wyvern skeleton (D:9)
  A yak zombie (D:9)
  2 scorpions (D:6)
  A hippogriff skeleton (D:6)
  A goliath beetle (D:6)
  2 crimson imps (D:6)
  A soldier ant zombie (D:8)
  2 jellies
  A quasit (D:8)
  A centaur zombie (D:7)
  Crazy Yiuf (D:2)
  2 iguanas
  An orc priest (D:8)
  A hound (D:4)
  Natasha (D:6)
  5 orc wizards
  4 worker ants
  A killer bee zombie (D:9)
  An ogre zombie (D:5)
  Ijyb (D:6)
  A mummy (D:9)
  7 gnolls
  13 adders
  A giant mite (D:4)
  An inept item mimic (D:6)
  3 shadow imps
  5 worms
  2 giant eyeballs
  6 giant geckos
  26 orcs
  A ball python (D:1)
  13 bats
  A bat skeleton (D:5)
  12 goblins
  14 hobgoblins
  15 jackals
  15 kobolds
  3 oozes
  2 quokkas (D:5)
  7 giant cockroaches
  7 giant newts
  A giant spore (D:6)
  A goblin skeleton (D:4)
  3 orc skeletons
  2 quokka skeletons (D:4)
  11 rats
  A rat zombie (D:5)
  10 ballistomycetes
233 creatures vanquished.

Vanquished Creatures (others)
  An ogre (D:6)
  3 slaves (D:6)
  2 hounds (D:6)
  A worker ant (D:6)
  An orc wizard (D:6)
  Natasha (twice) (D:6)
  A giant gecko (D:6)
  A kobold (D:6)
  A bat (D:6)
  3 giant spores
16 creatures vanquished.

Grand Total: 249 creatures vanquished

Notes
Turn   | Place    | Note
--------------------------------------------------------------
     0 | D:1      | Heini, the Minotaur Berserker, began the quest for the Orb.
     0 | D:1      | Reached XP level 1. HP: 19/19 MP: 1/1
   116 | D:1      | Reached skill level 4 in Maces & Flails
   116 | D:1      | Reached XP level 2. HP: 16/27 MP: 1/1
   377 | D:1      | Acquired Trog's second power
   499 | D:1      | Reached XP level 3. HP: 24/33 MP: 2/2
   881 | D:2      | Noticed Sigmund
   897 | D:2      | Killed Sigmund
   897 | D:2      | Reached XP level 4. HP: 40/40 MP: 2/2
   975 | D:2      | Noticed Crazy Yiuf
   986 | D:2      | Killed Crazy Yiuf
   986 | D:2      | Reached skill level 5 in Maces & Flails
   986 | D:2      | Reached XP level 5. HP: 9/46 MP: 2/2
  1006 | D:2      | Identified a +1 cloak of preservation (You took it off Crazy Yiuf on level 2 of the Dungeon)
  2222 | D:4      | Noticed Menkaure
  2236 | D:4      | Killed Menkaure
  2236 | D:4      | Reached XP level 6. HP: 53/53 MP: 3/3
  2390 | D:4      | Reached skill level 6 in Maces & Flails
  2531 | D:4      | Reached skill level 5 in Fighting
  2652 | D:4      | Found a burning altar of Makhleb.
  2933 | D:5      | Entered Level 5 of the Dungeon
  2978 | D:5      | Reached skill level 7 in Maces & Flails
  2978 | D:5      | Reached XP level 7. HP: 44/61 MP: 3/3
  3087 | D:5      | Found a glowing drain.
  3087 | D:5      | Noticed Eustachio
  3112 | Sewer    | Entered a sewer
  3235 | Sewer    | Got a shimmering war axe
  3326 | D:5      | Killed Eustachio
  3327 | D:5      | Acquired Trog's third power
  3389 | D:5      | Reached skill level 8 in Maces & Flails
  3389 | D:5      | Reached skill level 5 in Armour
  3724 | D:6      | Found a staircase to the Ecumenical Temple.
  3724 | D:6      | Noticed Pikel
  3762 | D:6      | Reached XP level 8. HP: 35/70 MP: 3/3
  3763 | D:6      | Killed Pikel
  3763 | D:6      | Reached skill level 9 in Maces & Flails
  3793 | D:6      | Noticed Ijyb
  3796 | D:6      | Noticed Edmund
  3805 | D:6      | Killed Ijyb
  3821 | D:6      | Gained mutation: You are dopey. (Int -2) [potion of mutation]
  3821 | D:6      | Gained mutation: You have very sharp teeth. [potion of mutation]
  3821 | D:6      | Gained mutation: You have a fast metabolism. [potion of mutation]
  3821 | D:6      | HP: 3/73 [Edmund/glowing dire flail (3)]
  3823 | D:6      | Killed Edmund
  4008 | Temple   | Entered the Ecumenical Temple
  4296 | D:6      | Reached skill level 10 in Maces & Flails
  4296 | D:6      | Reached XP level 9. HP: 80/80 MP: 4/4
  4376 | D:6      | Noticed Natasha
  4382 | D:6      | Killed Natasha
  4386 | D:6      | Noticed Natasha
  4780 | D:6      | Killed Natasha
  4816 | D:6      | Killed Natasha
  4874 | D:6      | Paralysed by a giant eyeball for 2 turns
  4898 | D:6      | Gained mutation: Armour fits poorly on your strangely shaped body. [potion of mutation]
  4898 | D:6      | Gained mutation: You evolve. [potion of mutation]
  4898 | D:6      | Lost mutation: You have a fast metabolism. [potion of mutation]
  4899 | D:6      | Lost mutation: You are dopey. (Int -2) [potion of mutation]
  4899 | D:6      | Gained mutation: Your digestive system is specialised to digest meat. [potion of mutation]
  5063 | D:7      | Noticed Joseph
  5087 | D:7      | Killed Joseph
  5785 | D:7      | Reached skill level 11 in Maces & Flails
  6234 | D:8      | Gained mutation: You can spit poison. [evolution]
  6789 | D:8      | Found Waerun's Weapon Shoppe.
  7219 | D:9      | Noticed an ice statue
  7449 | D:9      | Reached XP level 10. HP: 90/90 MP: 4/4
  7527 | D:9      | Noticed Erolcha
  7530 | D:9      | Cast into the Abyss (Erolcha)
  7544 | Abyss:1  | Noticed a large abomination
  7554 | Abyss:1  | Mangled by a large abomination

Action                   |  1- 3 |  4- 6 |  7- 9 | 10-12 || total
-------------------------+-------+-------+-------+-------++-------
Melee: Mace              |    85 |   124 |   463 |    19 ||   691
Throw: Stone             |       |       |     7 |       ||     7
Invok: Berserk           |     1 |     2 |     7 |     1 ||    11
       Burn Spellbooks   |       |       |     2 |       ||     2
Evoke: Wand              |       |       |     1 |       ||     1
  Use: Scroll            |       |    10 |    13 |       ||    23
       Potion            |       |       |     5 |       ||     5
